 Dungeon Crawl Stone Soup version 0.27.1-34-g3ba077fa99 (webtiles) character file.

Game seed: 3410563593751767376

4 cbfl8 the Sneak (level 1, 0/20 HPs)
             Began as a Minotaur Delver on Jan 16, 2022.
             Slain by an orc priest (4 damage)
             ... on level 5 of the Dungeon.
             The game lasted 00:00:46 (114 turns).

cbfl8 the Sneak (Minotaur Delver)                    Turns: 114, Time: 00:00:47

Health: 0/20       AC:  6    Str: 16    XL:     1   Next: 50%
Magic:  0/0        EV:  9    Int:  7    God:
Gold:   0          SH:  0    Dex: 11    Spells: 0/0 levels left

rFire    + . .     SeeInvis .   i - +1 flail (holy)
rCold    . . .     Faith    .   (no shield)
rNeg     . . .     Spirit   .   h - +0 scale mail "Detufou" {rF+ rCorr}
rPois    .         Reflect  .   (helmet restricted)
rElec    .         Harm     .   (no cloak)
rCorr    +         Rampage  .   (no gloves)
Will     .....                  (no boots)
Stlth    +.........             (no amulet)
HPRegen  0.06/turn              (no ring)
MPRegen  0.07/turn              (no ring)

@: no status effects
A: horns 2, retaliatory headbutt
a: no special abilities


You were on level 5 of the Dungeon.
You visited 1 branch of the dungeon, and saw 1 of its levels.

Inventory:

Hand Weapons
 a - a +0 hand axe
 i - a +1 flail of holy wrath (weapon)
Armour
 b - a +0 leather armour
 h - the +0 scale mail "Detufou" (worn) {rF+ rCorr}
   (You found it on level 5 of the Dungeon)

   rF:        It protects you from fire.
   rCorr:     It protects you from acid and corrosion.
Wands
 g - a wand of digging (3)
Scrolls
 c - a scroll of fog
 d - a scroll of magic mapping
 e - a scroll of fear
Potions
 f - a potion of haste


   Skills:
 + Level 3.7 Fighting
 + Level 2.4 Axes
 + Level 2.2 Dodging
 + Level 4.2 Stealth


You couldn't memorise any spells.
You didn't know any spells.
Your spell library was empty.

Dungeon Overview and Level Annotations

Branches:
Dungeon (5/15)
 Temple: D:4-7

Altars:


Innate Abilities, Weirdness & Mutations

You have a pair of horns on your head.
You reflexively headbutt those who attack you in melee.


Message History

You hit the orc.
The orc is severely wounded.
The orc hits you with a +0 club.
You hit the orc.
You kill the orc!
You hit the orc.
The orc is almost dead.
The orc hits you but does no damage.
You hit the orc but do no damage.
The orc is almost dead.
The orc hits you but does no damage.
You barely miss the orc. You headbutt the orc, but do no damage.
The orc is almost dead.
The orc closely misses you. You furiously retaliate!
You headbutt the orc, but do no damage. You closely miss the orc.
The orc is almost dead.
The orc hits you with a +1 flail of holy wrath.
The orc closely misses you.
You hit the orc.
You kill the orc!
Things that are here:
a +1 flail of holy wrath; a +0 chain mail; a +0 club
i - a +1 flail of holy wrath Your +1 flail of holy wrath softly glows with a divine radiance!
i - a +1 flail of holy wrath (weapon)
An orc priest comes into view. It is wielding a +0 whip.
The orc priest shouts!
There is an open door here.
You sock the orc priest!
The orc priest is heavily wounded.
The orc priest hits you with a +0 whip.
You hit the orc priest.
The orc priest is severely wounded.
The orc priest hits you with a +0 whip.
* * * LOW HITPOINT WARNING * * *
Your scale mail "Detufou" prevents you from hitting the orc priest.
The orc priest is severely wounded.
The orc priest hits you with a +0 whip.
You die...

... #.. .... #..
.....#.. #.....#..
#############.....##'
.###....#...............
........#...............
........#...............
......o@#...............
........#...............
#######'#...............
#.....[....#####........
#..........# #........
#..........# #........
#..........# #........
#..........# #........
#..........# #........


You could see an orc priest.

Vanquished Creatures
  2 orcs (D:5)
2 creatures vanquished.

Notes
Turn   | Place    | Note
-------+----------+-------------------------------------------
     0 | D:5      | cbfl8 the Minotaur Delver began the quest for the Orb.
     0 | D:5      | Reached XP level 1. HP: 19/19 MP: 0/0
    11 | D:5      | Identified the +0 scale mail "Detufou" {rF+ rCorr}
   108 | D:5      | Noticed an orc priest
   114 | D:5      | Slain by an orc priest

Illustrated notes

Levels and vault maps discovered:
D:5:      layout_gridville, grunt_decor_resistance, uniq_eustachio,
          uniq_menkaure, uniq_grinder

Action                   || total
-------------------------++-------
Melee: Hand axe          ||     7
       Flail             ||     3
       Headbutt          ||     1
Armor: Scale mail        ||     2
Dodge: Dodged            ||     3
